 Dungeon Crawl Stone Soup version 0.28-a0-773-g130ae17fe5 (webtiles) character file.

Game seed: 10572023447384395175

94 cheechan the Skirmisher (level 4, -7/33 HPs)
             Began as an Octopode Fighter on Nov 1, 2021.
             Mangled by Grinder (9 damage)
             ... on level 3 of the Dungeon.
             The game lasted 00:04:00 (1675 turns).

cheechan the Skirmisher (Octopode Fighter)          Turns: 1675, Time: 00:04:01

Health: -7/33      AC:  1    Str: 16    XL:     4   Next: 63%
Magic:  4/4        EV: 13    Int: 10    God:
Gold:   53         SH:  5    Dex: 11    Spells: 3/3 levels left

rFire   . . .      SeeInvis .   a - +1 war axe
rCold   . . .      Faith    .   b - +1 buckler
rNeg    . . .      Spirit   .   (helmet restricted)
rPois   .          Reflect  .   (no amulet)
rElec   .          Harm     .   (no ring)
rCorr   .          Rampage  .   (no ring)
Will    .....                   (no ring)
Stlth   +++.......              (no ring)
HPRegen 0.11/turn               (no ring)
MPRegen 0.09/turn               (no ring)
                                (no ring)
                                (no ring)

@: mighty
A: almost no armour, amphibious, 8 rings, camouflage 1, gelatinous body 1,
(nimble swimmer 1), tentacles
a: no special abilities


You were on level 3 of the Dungeon.
You visited 1 branch of the dungeon, and saw 3 of its levels.

You collected 53 gold pieces.

Inventory:

Hand Weapons
 a - a +1 war axe (weapon)
 d - a +0 hunting sling
 e - a +0 whip of electrocution
Missiles
 g - 25 sling bullets
 h - 18 arrows
Armour
 b - a +1 buckler (worn)
Potions
 i - a potion of haste
 j - a potion of lignification


   Skills:
 + Level 3.7 Fighting
 + Level 3.0 Axes
 + Level 3.5 Dodging
 + Level 1.3 Stealth
 + Level 3.4 Shields


You had 3 spell levels left.
You didn't know any spells.
Your spell library contained the following spells:

 Spells                   Type           Power      Damage    Failure   Level
 Gell's Gravitas          Tloc           0%         N/A       77%         3
 Lesser Beckoning         Tloc           0%         N/A       77%         3
 Teleport Other           Tloc           0%         N/A       77%         3
 Malign Gateway           Summ/Tloc      0%         N/A       100%        7
 Summon Horrible Things   Summ           0%         N/A       100%        8


Dungeon Overview and Level Annotations

Branches:
Dungeon (3/15)

Altars:
Okawaru

Annotations:
D:3 Grinder


Innate Abilities, Weirdness & Mutations

You cannot wear most types of armour.
You are amphibious.
You can wear up to eight rings at the same time.
Your skin changes colour to match your surroundings (Stealth+).
Your rubbery body absorbs attacks. (AC +1, EV +1)
((You are camouflaged near water. (Stealth+)))
You have tentacles for arms and can constrict up to eight enemies at once.


Message History

g - 25 sling bullets
Found a stone staircase leading down.
There is a stone staircase leading down here.
Found 17 gold pieces.
Found a green potion.
You now have 53 gold pieces (gained 17).
j - a green potion
Okay, then.
Okay, then.
As you read the scroll of identify, it crumbles to dust.
j - a potion of lignification Unknown command.
Grinder comes into view.
Found 13 gold pieces.
Grinder shouts!
Grinder says, "DUCK!"
Grinder gestures at you.
You suddenly lose the ability to move!
Grinder gestures at you.
You barely resist.
You can move again.
Grinder gestures at you. Pain shoots through your body!
Grinder gestures at you.
You shrug off the repeated paralysis!
Grinder gestures at you.
You shrug off the repeated paralysis!
Grinder hits you!
You writhe in agony.
You feel very mighty all of a sudden. Grinder barely misses you.
You slash Grinder! You grab Grinder.
Grinder is moderately wounded.
You constrict Grinder. Grinder hits you.
You writhe in agony.
Grinder hits you.
* * * LOW HITPOINT WARNING * * *
You writhe in agony.
* * * LOW HITPOINT WARNING * * *
You barely miss Grinder.
Grinder is heavily wounded.
You constrict Grinder. Grinder hits you!
You die...

#. ###### .. .....# #.
#..... #.##5##.####
#..$@##.... #.##.##..# #
#.##.##.##..#####.###.
#...........##........
......#######.##.##.####
..... #.##.##.# .###
#.......# ###...### .
#...#


You could see Grinder.

Vanquished Creatures
  An iguana (D:2)
  2 adders (D:2)
  4 worms (D:2)
  8 endoplasms
  2 giant cockroaches
  2 hobgoblins
  2 quokkas (D:2)
  3 ball pythons
  4 bats
  7 frilled lizards
  4 kobolds (D:2)
  A rat (D:2)
40 creatures vanquished.

Notes
Turn   | Place    | Note
-------+----------+-------------------------------------------
     0 | D:1      | cheechan the Octopode Fighter began the quest for the Orb.
     0 | D:1      | Reached XP level 1. HP: 16/16 MP: 1/1
   403 | D:1      | Reached XP level 2. HP: 21/21 MP: 2/2
   662 | D:2      | Reached XP level 3. HP: 12/26 MP: 3/3
  1211 | D:2      | Reached skill level 1 in Stealth
  1211 | D:2      | Reached XP level 4. HP: 9/33 MP: 4/4
  1495 | D:2      | Found an iron altar of Okawaru.
  1662 | D:3      | Noticed Grinder
  1666 | D:3      | Paralysed by Grinder for 3 turns
  1675 | D:3      | Mangled by Grinder

Illustrated notes

Levels and vault maps discovered:
D:1:      ebering_trefoil_3fold, layout_rooms
D:2:      layout_rooms, basic_altar, st_stairs_5
D:3:      layout_loops_cross, xom_teletrap_fun, basic_ecumenical_altar,
          uniq_grinder

Skill      XL: |  1  2  3  4 |
---------------+-------------+-----
Stealth        | 1 |  1.3
Axes           | 3 |  3.0
Fighting       | |  3.7
Dodging        | |  3.5
Shields        | |  3.4

Action                   |  1- 3 |  4- 6 || total
-------------------------+-------+-------++-------
Melee: War axe           |    63 |    14 ||    77
       Constrict         |    13 |     1 ||    14
       Tentacles         |    12 |     4 ||    16
  Use: Scroll            |     5 |     1 ||     6
       Potion            |       |     1 ||     1
 Stab: Sleeping          |     3 |     1 ||     4
Armor: Skin              |     7 |     1 ||     8
Dodge: Dodged            |    44 |     9 ||    53
Block: Buckler           |    18 |       ||    18

Table legend: (Time is in decaauts)
 A = Elapsed time spent in this place.
 B = Non-inter-level travel time spent in this place.
 C = Inter-level travel time spent in this place.
 D = Time resting spent in this place.
 E = Time spent auto-exploring this place.
 F = Levels seen in this place.
 G = Mean time per level.
                   A        B        C        D        E       F      G
               +--------+--------+--------+--------+--------+-----+--------+
         Total |   1704 |   1704 |      0 |    575 |      0 |   3 |  568.0 |
       Dungeon |   1704 |   1704 |      0 |    575 |      0 |   3 |  568.0 |
               +--------+--------+--------+--------+--------+-----+--------+

Top non-repeatable levels by time:
     D:2: 1114 daAuts
     D:1: 513 daAuts
     D:3: 77 daAuts
